 Dungeon Crawl Stone Soup version 0.27.0-1-g7a089689b8 (webtiles) character file.

Game seed: 10920571658119750169

399 ZombieSheep the Chopper (level 6, 0/56 HPs)
             Began as a Minotaur Berserker on Aug 2, 2021.
             Was a Priest of Trog.
             Succumbed to an adder's poison
             ... on level 3 of the Dungeon.
             The game lasted 00:04:58 (3077 turns).

ZombieSheep the Chopper (Minotaur Berserker)        Turns: 3077, Time: 00:04:58

Health: 0/56       AC:  2    Str: 18 (21) XL:     6   Next: 54%
Magic:  5/5        EV: 13    Int:  3 (4)  God:    Trog [***...]
Gold:   93         SH:  0    Dex: 11 (12) Spells: 5/5 levels left

rFire    . . .     SeeInvis .   a - +0 hand axe
rCold    . . .     Faith    .   (no shield)
rNeg     . . .     Spirit   .   b - +0 animal skin
rPois    .         Reflect  .   (helmet restricted)
rElec    .         Harm     .   (no cloak)
rCorr    .         Rampage  .   (no gloves)
Will     .....                  (no boots)
Stlth    +.........             (no amulet)
HPRegen  0.18/turn              (no ring)
MPRegen  0.09/turn              (no ring)

@: lethally poisoned (0 -> -1)
A: horns 2, retaliatory headbutt
a: Renounce Religion, Berserk, Trog's Hand


You were on level 3 of the Dungeon.
You worshipped Trog.
Trog was most pleased with you.
You visited 1 branch of the dungeon, and saw 4 of its levels.

You collected 93 gold pieces.

Inventory:

Hand Weapons
 a - a +0 hand axe (weapon)
Armour
 b - a +0 animal skin (worn)
Wands
 d - a wand of flame (9)
Potions
 c - a potion of brilliance {unknown}
 e - a potion of lignification {unknown}
 f - a potion of might
 h - a potion of degeneration
 i - a potion of magic {unknown}


   Skills:
 + Level 5.2 Fighting
 * Level 6.3 Axes
 + Level 4.2 Armour
 + Level 3.8 Dodging


You had 5 spell levels left.
You didn't know any spells.
Your spell library was empty.

Dungeon Overview and Level Annotations

Branches:
Dungeon (4/15)
 Temple: D:4-7

Altars:


Innate Abilities, Weirdness & Mutations

You have a pair of horns on your head.
You reflexively headbutt those who attack you in melee.


Message History

An adder comes into view.
An adder is nearby!
An orc and an orc wizard come into view.
The orc wizard shouts!
The orc shouts!
The adder hisses angrily.
You hear a shout!
An orc comes into view. It is wielding a +0 club.
There are monsters nearby!
Found 2 smoky ruby potions.
The orc wizard points at you and mumbles some strange words.
The puff of flame hits you.
The orc wizard points at you and mumbles some strange words.
You resist with some effort.
An endoplasm comes into view.
The adder barely misses you. The adder closely misses you.
You furiously retaliate!
You headbutt the adder!
There is a stone staircase leading down here.
The adder bites you.
You are poisoned.
The adder poisons you! The adder bites you.
* * * LOW HITPOINT WARNING * * *
You climb downwards.
An endoplasm, a goblin and a gnoll come into view.
You feel sick.
The goblin shouts!
Found a runed marble ring and a book of Armaments.
There is a stone staircase leading up here.
You feel sick.
The gnoll shouts!
The endoplasm quivers.
The adder bites you.
* * * LOW HITPOINT WARNING * * *
You climb upwards.
You feel sick.
The orc wizard gestures at you while chanting.
The puff of flame hits you!
* * * LOW HITPOINT WARNING * * *
There is a stone staircase leading down here.
It was a potion of degeneration.
There was something very wrong with that liquid.
You feel weakened.
You feel dopey.
You feel clumsy.
You die...

#### #################
...###....o..........#
...........o....@....####
...###..........S.......#
.o.###...............##.#
o....................##.#
...#.................##.#########
.....J....##.........##.#..).....
..(.......##.........##.#.######.
..........##.........##.#<.......
..........#...#...##.#..#.######.


You could see an orc wizard, an adder and an orc.

Vanquished Creatures
  Sigmund (D:3)
  A bullfrog (D:3)
  Ijyb (D:3)
  Natasha (D:3)
  Robin (D:2)
  3 adders (D:2)
  4 dart slugs (D:1)
  6 ball pythons
  6 endoplasms
  5 giant cockroaches (D:2)
  14 goblins
  8 hobgoblins
  7 jackals (D:1)
  4 quokkas
  4 bats
  3 frilled lizards
  3 kobolds
  4 rats
76 creatures vanquished.

Vanquished Creatures (others)
  A fungus (D:1)
  2 plants (D:1)
3 creatures vanquished.

Grand Total: 79 creatures vanquished

Notes
Turn   | Place    | Note
-------+----------+-------------------------------------------
     0 | D:1      | ZombieSheep the Minotaur Berserker began the quest for the
                  | Orb.
     0 | D:1      | Reached XP level 1. HP: 19/19 MP: 0/0
   182 | D:1      | Found a faded altar of an unknown god.
   191 | D:1      | Reached XP level 2. HP: 27/27 MP: 1/1
   198 | D:1      | Reached skill level 4 in Axes
   469 | D:1      | Reached ** piety under Trog
   477 | D:1      | Reached XP level 3. HP: 11/33 MP: 2/2
  1269 | D:2      | Noticed Robin
  1285 | D:2      | Killed Robin
  1286 | D:2      | Reached XP level 4. HP: 21/41 MP: 3/3
  1713 | D:2      | Reached *** piety under Trog
  1786 | D:2      | Reached skill level 5 in Axes
  2219 | D:3      | Noticed a bullfrog
  2230 | D:3      | Killed a bullfrog
  2231 | D:3      | Reached XP level 5. HP: 11/47 MP: 4/4
  2498 | D:3      | Noticed Sigmund
  2512 | D:3      | Killed Sigmund
  2513 | D:3      | Reached skill level 5 in Fighting
  2513 | D:3      | Reached skill level 6 in Axes
  2513 | D:3      | Reached XP level 6. HP: 27/56 MP: 5/5
  2781 | D:3      | Noticed Ijyb
  2793 | D:3      | Killed Ijyb
  3012 | D:3      | Noticed Natasha
  3024 | D:3      | Killed Natasha
  3076 | D:3      | HP: 1/56 [orc wizard/puff of flame (10)]
  3077 | D:3      | Succumbed to an adder's poison

Illustrated notes

Levels and vault maps discovered:
D:1:      shiori_shiawase, layout_basic, dreamdust_ecumenical_altar_grove
D:2:      minmay_general_purpose_star, layout_rooms, basic_altar, uniq_robin
D:3:      layout_basic, lightli_temple_of_fire, kennysheep_pointless_box,
          uniq_natasha, uniq_sigmund, uniq_ijyb, uniq_grinder, uniq_jessica
D:4:      layout_loops_ring, mainiacjoe_overflow_six_doors_small, st_stairs_9

Skill      XL: |  1  2  3  4  5 |
---------------+----------------+-----
Axes           | 4 5 6 |  6.3
Fighting       | 4 5 |  5.2
Armour         | 3 4 |  4.2
Dodging        | 3 |  3.8

Action                   |  1- 3 |  4- 6 || total
-------------------------+-------+-------++-------
Melee: Hand axe          |    99 |    81 ||   180
       Headbutt          |    12 |    10 ||    22
Invok: Berserk           |     1 |     1 ||     2
  Use: Scroll            |     1 |     2 ||     3
       Potion            |       |     1 ||     1
 Stab: Sleeping          |     2 |       ||     2
Armor: Animal skin       |     9 |    14 ||    23
Dodge: Dodged            |    54 |    49 ||   103
